 Dungeon Crawl Stone Soup version 0.29.1-1-gd02db6906a (webtiles) character file.

Game seed: 3541528800729484306

59 LustLizard the Vexing (level 3, 0/18 HPs)
             Began as a Spriggan Arcane Marksman on Sept 27, 2022.
             Slain by Grinder (6 damage)
             ... while paralysed by Grinder
             ... on level 2 of the Dungeon.
             The game lasted 00:03:29 (1892 turns).

LustLizard the Vexing (Spriggan Arcane Marksman)    Turns: 1892, Time: 00:03:29

Health: 0/18       AC:  2    Str:  6    XL:     3   Next: 78%
Magic:  6/6        EV:  4    Int: 14    God:
Gold:   27         SH:  0    Dex: 17    Spells: 0/4 levels left

rFire   . . .      SeeInvis +   a - +2 sling
rCold   . . .      Faith    .   (no shield)
rNeg    . . .      Spirit   .   c - +0 robe
rPois   .          Reflect  .   (helmet restricted)
rElec   .          Harm     .   (no cloak)
rCorr   .          Rampage  .   (gloves unavailable)
Will    .....                   (boots unavailable)
Stlth   ++........              m - amulet of the acrobat
HPRegen 0.06/turn               q - +4 ring of evasion
MPRegen 0.10/turn               (no ring)

@: paralysed, very quick
A: very small, no large weapons, unfitting armour, see invisible, speed 3
a: no special abilities


You were on level 2 of the Dungeon.
You visited 1 branch of the dungeon, and saw 3 of its levels.

You collected 79 gold pieces.
You spent 52 gold pieces at shops.

Inventory:

Hand Weapons
 a - a +2 sling (weapon)
Armour
 c - a +0 robe (worn)
Jewellery
 m - an amulet of the acrobat (around neck)
 n - a ring of ice
 q - a +4 ring of evasion (left hand)
Wands
 r - a wand of paralysis (11)
Scrolls
 b - a scroll of poison
 e - a scroll of amnesia {unknown}
 f - 2 scrolls of teleportation {unknown}
 g - a scroll of enchant weapon
 i - a scroll of magic mapping {unknown}
 k - a scroll of blinking {unknown}
 o - a scroll of noise {unknown}
 p - a scroll of summoning {unknown}
Potions
 d - 2 potions of haste
 h - 8 potions of curing
 j - a potion of flight
 l - a potion of degeneration {unknown}


   Skills:
 + Level 1.2 Fighting
 * Level 2.8 Ranged Weapons
 - Level 2.6 Dodging
 * Level 3.0 Stealth
 - Level 1.3 Spellcasting
 - Level 4.0 Hexes
 * Level 1.3 Translocations


You couldn't memorise any spells.
You knew the following spells:

 Your Spells              Type           Power      Damage    Failure   Level
a - Slow                  Hex            48%        N/A       4%          1
b - Portal Projectile     Hex/Tloc       16%        N/A       26%         3

Your spell library contained the following spells:

 Spells                   Type           Power      Damage    Failure   Level
 Confusing Touch          Hex            12%        N/A       14%         3
 Necrotise                Necr           0%         1d4       26%         1
 Inner Flame              Hex/Fire       6%         N/A       32%         3
 Cause Fear               Hex            6%         N/A       43%         4
 Ignite Poison            Fire/Tmut/Pois 0%         N/A       58%         3
 Corpse Rot               Necr/Pois/Air  0%         N/A       94%         4
 Olgreb's Toxic Radiance  Pois           0%         N/A       94%         4
 Yara's Violent Unravell  Hex/Tmut       3%         3d4       97%         5
 Enfeeble                 Hex            6%         N/A       100%        7


Dungeon Overview and Level Annotations

Branches:
Dungeon (3/15)

Altars:

Shops:
D:2 *

Annotations:
D:2 Grinder


Innate Abilities, Weirdness & Mutations

You are very small and have problems with some larger weapons.
You are too small for most types of armour.
You have supernaturally acute eyesight. (SInv)
You cover ground extremely quickly. (Speed+++)


Message History

You shoot a sling bullet. The sling bullet hits Grinder.
Grinder is lightly wounded.
You shoot a sling bullet.
The sling bullet closely misses Grinder.
Grinder gestures at you.
You struggle to resist.
An orc comes into view. It is wielding a +0 falchion.
You shoot a sling bullet.
The sling bullet closely misses Grinder.
Grinder blinks!
Grinder misses you. Grinder misses you.
You climb upwards.
There is a stone staircase leading down here.
You shoot a sling bullet. The sling bullet barely misses Grinder.
Grinder misses you.
You shoot a sling bullet. The sling bullet hits Grinder!
Grinder is moderately wounded.
Grinder gestures at you. You resist with significant effort.
You shoot a sling bullet.
The sling bullet completely misses Grinder.
Grinder hits you.
You writhe in agony.
You shoot a sling bullet. The sling bullet hits Grinder.
Grinder is moderately wounded.
Grinder blinks!
You shoot a sling bullet.
The sling bullet completely misses Grinder.
Grinder hits you but does no damage.
You shoot a sling bullet. The sling bullet hits Grinder.
Grinder is moderately wounded.
Grinder completely misses you.
You shoot a sling bullet. The sling bullet hits Grinder.
Grinder is heavily wounded.
Grinder closely misses you. Grinder misses you.
You shoot a sling bullet. The sling bullet hits Grinder.
Grinder is heavily wounded.
Grinder gestures at you.
You suddenly lose the ability to move!
Grinder hits you!
You writhe in agony.
You die...

#.##.##.#### #># #.......#
#.##### #.......# #.)...#
#.##.##.# #####.####
#.##.##.# ##########....##
#.......# #.....##.......##
#<......# #.....##.##.....##
#.##.#.#####...5.##.#.......#
#.##......##....@##.#.......#
#.####.##.##.....##.#.......#
#.####.##.####.#..†..#.....##
#......##.# #.#.##...<...##
#########.# #.#.###.#.####
#.# #.....#.#.######
#.####.#.#.#........#
#.................#.#
############.....#.##.......#


You could see Grinder.

Vanquished Creatures
  A worm (D:2)
  2 dart slugs (D:1)
  An orc (D:3)
  3 bats
  9 endoplasms
  2 giant cockroaches (D:1)
  5 hobgoblins
  7 jackals (D:1)
  2 quokkas (D:1)
  5 ball pythons
  A frilled lizard (D:1)
  3 kobolds
  2 rats (D:1)
43 creatures vanquished.

Notes
Turn   | Place    | Note
-------+----------+-------------------------------------------
     0 | D:1      | LustLizard the Spriggan Arcane Marksman began the quest for
                  | the Orb.
     0 | D:1      | Reached XP level 1. HP: 9/9 MP: 3/3
   198 | D:1      | Reached skill level 1 in Stealth
   340 | D:1      | Reached XP level 2. HP: 14/14 MP: 5/5
   380 | D:1      | Found a faded altar of an unknown god.
   383 | D:1      | Reached skill level 4 in Hexes
   408 | D:1      | Reached skill level 1 in Fighting
   864 | D:1      | Reached XP level 3. HP: 18/18 MP: 6/6
   868 | D:1      | Learned a level 3 spell: Portal Projectile
  1260 | D:2      | Reached skill level 1 in Translocations
  1311 | D:2      | Found Esuemoni's Assorted Antiques.
  1320 | D:2      | Bought a scroll labelled TUGEEC BOU for 26 gold pieces
  1320 | D:2      | Bought a scroll labelled XIBLIU MIZIWAD for 26 gold pieces
  1442 | D:2      | Got Kuqeorphu's Vellum of Pestilent Sinister Secrets
  1878 | D:3      | Noticed Grinder
  1891 | D:2      | Paralysed by Grinder for 3 turns
  1892 | D:2      | Slain by Grinder

Illustrated notes

Levels and vault maps discovered:
D:1:      minmay_arrival_stone_box, layout_basic,
          shapermc_ecumenical_altar_totnotflames
D:2:      layout_loops_cross, serial_shops,
          nicolae_shop_temple_entry_statues_fountains
D:3:      layout_basic, eino_tiny_chamber, uniq_sigmund, uniq_grinder

Skill      XL: |  1  2  3 |
---------------+----------+-----
Stealth        | 1 2 3 |  3.0
Hexes          | 4 |  4.0
Fighting       | 1 |  1.2
Translocations | 1 |  1.3
Ranged Weapons | |  2.8
Dodging        | |  2.6
Spellcasting   | |  1.3

Action                   || total
-------------------------++-------
 Fire: Sling             ||   137
 Cast: Slow              ||     2
  Use: Scroll            ||     4
Armor: Robe              ||     4
Dodge: Dodged            ||    53
